 Dungeon Crawl Stone Soup version 0.19-a0-1019-g9c6a58d (webtiles) character file.

750577 mrath the Shatterer (level 27, 0/261 HPs)
             Began as a Minotaur Fighter on July 23, 2016.
             Was an Elder of Okawaru.
             Succumbed to a golden dragon's poison gas
             ... on level 5 of the Realm of Zot on July 26, 2016.
             The game lasted 11:44:52 (101289 turns).

mrath the Shatterer (Minotaur Fighter)            Turns: 101289, Time: 11:44:53

Health: 0/261      AC: 40    Str: 36    XL:     27
Magic:  6/35       EV: 21    Int:  6    God:    Okawaru [****..]
Gold:   3364       SH: 31    Dex: 12    Spells: 0 memorised, 26 levels left

rFire  + + .     SeeInvis +     H - +10 morningstar "Eos" {elec, Halo rElec}
rCold  + + .     Gourm    .     y - +12 chain mail of the Vestibule of Hell {rCorr Int+3}
rNeg   + . .     Faith    +     e - +4 large shield {rC+}
rPois  .         Spirit   +     k - +2 hat of the Bear Spirit {Spirit, +Rage rN+ MR++}
rElec  +         Dismiss  .     I - +2 cloak {MR+}
rCorr  +         Reflect  .     b - -1 pair of gloves "Leplung" {*Contam rC+ Str+8 SInv}
SustAt +         Harm     .     g - +2 pair of boots {Fly}
MR     +++++                    i - amulet of Huyrop {Faith +Fly rElec rF++ Int-2}
Stlth  ..........               K - ring of sustain attributes
                                p - +4 ring of evasion

@: lethally poisoned (0 -> -20), flying, slowed, glowing, very slow, almost
entirely resistant to hostile enchantments, extremely unstealthy
A: retaliatory headbutt, horns 2, clumsy 1, deterioration 1, weak 1
a: Heroism, Renounce Religion, Evoke Berserk Rage, Stop Flying
}: 3/15 runes: decaying, silver, gossamer


You were on level 5 of the Realm of Zot.
You worshipped Okawaru.
Okawaru was greatly pleased with you.
You were full.

You visited 13 branches of the dungeon, and saw 56 of its levels.
You visited 1 bazaar.
You also visited: Ossuary, Ice Cave, Volcano and Wizlab.

You collected 8415 gold pieces.
You spent 5051 gold pieces at shops.

Inventory:

Hand Weapons
 f - a +7 eveningstar of protection
 H - the +10 morningstar "Eos" (weapon) {elec, Halo rElec}
   (Okawaru gifted it to you on level 1 of the Depths)

   Occasionally, upon striking a foe, it will discharge some electrical energy
   and cause terrible harm.
   It insulates you from electricity.
 O - a +6 morningstar of holy wrath
Missiles
 s - 13 poisoned javelins (quivered)
 C - 12 silver javelins
 V - 25 javelins of penetration
Armour
 b - the -1 pair of gloves "Leplung" (worn) {*Contam rC+ Str+8 SInv}
   (Okawaru gifted it to you on level 2 of the Vaults)

   It affects your strength (+8).
   It protects you from cold.
   It lets you see invisible.
   It causes magical contamination when unequipped.
 e - a +4 large shield of cold resistance (worn)
 g - a +2 pair of boots of flying (worn)
 k - the +2 hat of the Bear Spirit (worn) {Spirit, +Rage rN+ MR++}
   (You found it on level 5 of the Vaults)

   It protects you from negative energy.
   It affects your resistance to hostile enchantments.
   It lets you go berserk.
 y - the +12 chain mail of the Vestibule of Hell (worn) {rCorr Int+3}
   (You bought it in a shop on level 1 of the Elven Halls)

   It affects your intelligence (+3).
   It protects you from acid and corrosion.
 I - a +2 cloak of magic resistance (worn)
Rods
 z - a +2 rod of clouds (12/12)
   (You found it on level 1 of the Depths)
Jewellery
 i - the amulet of Huyrop (around neck) {Faith +Fly rElec rF++ Int-2}
   (You took it off a deep elf death mage on level 3 of the Elven Halls)

   [amulet of faith]

   It allows you to gain divine favour quickly.
   It affects your intelligence (-2).
   It greatly protects you from fire.
   It insulates you from electricity.
   It lets you fly.
 p - a +4 ring of evasion (left hand)
 K - a ring of sustain attributes (right hand)
 X - an uncursed ring of positive energy
Wands
 r - a wand of acid (10/15)
 v - a wand of lightning (15/15)
 B - a wand of iceblast (13/15)
 F - a wand of hasting (4/9)
 N - a wand of digging (16/24)
 Z - a wand of disintegration (13/24)
Scrolls
 a - 5 scrolls of identify
 h - 20 scrolls of teleportation
 n - 9 scrolls of remove curse
 u - 3 scrolls of holy word
 x - 5 scrolls of silence
 A - 8 scrolls of recharging
 D - 9 scrolls of blinking
 M - a scroll of summoning
 R - 6 scrolls of fog
Potions
 c - 4 potions of resistance
 d - a potion of might
 j - 2 potions of cancellation
 t - 3 potions of agility
 w - 4 potions of heal wounds
 E - 16 potions of haste
 G - 2 potions of cure mutation
 T - 10 potions of curing
Miscellaneous
 m - 3 boxes of beasts
 o - a lamp of fire (inert)
 J - a phial of floods
 L - a fan of gales
 U - 7 phantom mirrors
 W - 3 sacks of spiders
Comestibles
 l - 5 slices of pizza
 q - 14 fruits
 P - 32 bread rations
 Q - 17 meat rations
 S - 9 royal jellies


   Skills:
 + Level 24.2 Fighting
 + Level 25.4 Maces & Flails
   Level 7.6(14.0) Slings
 + Level 16.9(17.3) Throwing
 + Level 24.2 Armour
 + Level 22.4 Dodging
 + Level 23.9 Shields
 - Level 7.8 Invocations
 + Level 19.7 Evocations


You had 26 spell levels left.
You didn't know any spells.

Dungeon Overview and Level Annotations

Branches:
Dungeon (15/15)            Temple (1/1) D:4            Lair (6/6) D:10
  Swamp (4/4) Lair:4       Spider (4/4) Lair:4        Slime (0/5) Lair:5
    Orc (2/2) D:11            Elf (3/3) Orc:2        Vaults (5/5) D:14
  Crypt (3/3) Vaults:3       Tomb (2/3) Crypt:3      Depths (5/5) D:15
   Hell (1/1)                 Dis (0/7) Hell            Geh (0/7) Hell
    Coc (0/7) Hell            Tar (0/7) Hell            Zot (5/5) Depths:5

Altars:
Cheibriados
Dithmenos
Elyvilon
Gozag
Kikubaaqudgha
Makhleb
Okawaru
Pakellas
Qazlal
Ru
Sif Muna
Xom
Yredelemnul
Zin
Beogh
Lugonu

Shops:
D:9 }   D:10 !   D:11 %   Orc:2 =[%*   Elf:1 :[?(   Swamp:1 *   Vaults:3 [
Vaults:5 }   Depths:3 %

Portals:
Hell: Depths:1 Depths:2 Depths:3 Depths:4 Depths:5
Abyss: Depths:4 Depths:5
Pandemonium: Depths:3 Depths:5
Ziggurat: Depths:5
Trove: D:13 (give 17 scrolls of identify)

Annotations:
Vaults:3 exclusion: 2 lightning spires


Innate Abilities, Weirdness & Mutations

You reflexively headbutt those who attack you in melee.
You have a pair of horns on your head.
You are clumsy. (Dex -2)
Your body sometimes deteriorates upon taking damage.
You are weak. (Str -2)


Message History

You block the death drake's attack.
You feel better. The death drake breathes miasma at you.
The foul vapour misses you. You block the death drake's attack.
You are engulfed in dark miasma.
You are poisoned.
You feel as though you will be slow longer.
* * * LOW HITPOINT WARNING * * *
x2 You feel very sick.
The death drake closely misses you.
* * * LOW HITPOINT WARNING * * *
You feel very sick.
The golden dragon breathes poison at you.
The blast of poison engulfs the death drake.
The death drake is poisoned.
You block the death drake's attack.
There is a stone staircase leading up, spattered with blood here.
You are engulfed in poison gas.
You are more poisoned.
* * * LOW HITPOINT WARNING * * *
You die...

,* ##........D..## #...........
** #......D.dkk..# ##.......... *
##.........q...## ##..:......
#......D........# ##........
▓▓▓########.######## #########
....######.D#......# #......
....#......D..#.§..########......
...8#.......§§#§§..#.............
....#........§§k@..........###.##
....#.........§§§§..............#
....###.#.###.§§................#
.............##...#.............#
................................#
(.........[..##...########.......
........................##.......
.†............#.........##.#.....
..............#..................


You could see a golden dragon and a death drake.

Vanquished Creatures
  8 orbs of fire
  Mara (Depths:1)
  A juggernaut (Depths:4)
  Mennas (Tomb:1)
  3 ancient liches
  9 greater mummies
  Boris (Vaults:5)
  Bai Suzhen (Swamp:3)
  A shard shrike (Zot:1)
  Saint Roka (Depths:1)
  Geryon (Hell)
  Frederick (Vaults:2)
  3 Killer Klowns
  A curse toe (Zot:2)
  11 golden dragons
  Jory (Depths:5)
  Arachne (Spider:3)
  5 electric golems
  A Cloud Mage (WizLab)
  21 tentacled monstrosities
  8 liches
  10 Orb Guardians
  Jorgrun (Depths:5)
  2 deep elf blademasters (Elf:3)
  9 death cobs
  Murray (Depths:1)
  6 titans
  A quicksilver dragon (Depths:2)
  A deep elf master archer (Elf:3)
  3 acid blobs
  8 ancient champions
  2 thorn hunters (Swamp:4)
  3 draconian monks
  9 tengu reavers
  13 storm dragons
  10 sphinxes
  The ghost of removeelyvilon the Transmogrifier, an adept DrTm of Cheibriados (Elf:1)
  Donald (Crypt:2)
  7 azure jellies
  4 revenants
  7 shadow dragons
  9 fire giants
  6 draconian knights
  4 orc warlords
  2 balrugs (Hell)
  10 deep elf sorcerers
  14 frost giants
  8 ghost moths
  17 vault wardens
  8 emperor scorpions
  An iron dragon (Depths:2)
  6 draconian zealots
  Louise (Spider:1)
  A curse skull (Crypt:2)
  3 draconian shifters
  4 draconian scorchers
  13 ghouls
  A juggernaut zombie (D:15)
  26 stone giants
  7 deep elf elementalists
  3 draconian annihilators
  24 ironheart preservers
  3 spriggan defenders
  15 vampire knights
  The ghost of shady the Protected, a journeyman DDHu of Makhleb (Spider:1)
  40 very ugly things
  7 entropy weavers
  6 reapers
  18 green draconians
  6 war gargoyles
  4 draconian callers
  5 black draconians
  2 bennus (Tomb:1)
  10 deep elf annihilators
  2 lorocyprocas
  7 deep elf demonologists
  14 red draconians
  16 white draconians
  Azrael (D:12)
  12 purple draconians
  16 mottled draconians
  17 yellow draconians
  13 spark wasps
  The ghost of nubinia the Eclecticist, a journeyman DEAE of Sif Muna (Spider:1)
  A blizzard demon (Depths:1)
  2 green deaths
  6 death oozes (Depths:4)
  17 ettins
  9 eidola
  A crystal guardian (Vaults:3)
  11 mummy priests
  Snorg (Lair:4)
  11 fire dragons
  2 quicksilver dragon zombies
  8 deep elf death magi
  Josephine (Swamp:1)
  3 deep elf high priests
  A fire dragon (shapeshifter) (Depths:4)
  36 vault guards
  A quicksilver dragon skeleton (Crypt:1)
  10 great orbs of eyes
  5 rakshasas
  19 yaktaur captains
  12 jiangshi
  20 ice dragons
  5 spriggan air magi
  28 hydras
  8 alligators
  10 centaur warriors
  The ghost of Aquadorian the Covert, a journeyman OpEn of Kikubaaqudgha (Volcano)
  17 ogre magi
  4 death knights
  30 death scarabs
  32 dancing weapons
  8 tengu warriors
  3 death yaks (Depths:3)
  6 spriggan berserkers
  10 vampire magi
  7 deep troll shamans
  2 titan zombies
  5 orc high priests (Orc:2)
  3 hell hogs
  Urug (D:11)
  3 small abominations (Elf:3)
  3 shock serpents (Vaults:3)
  6 deep troll earth magi
  A storm dragon zombie (Crypt:3)
  8 sun demons
  4 soul eaters
  Nergalle (D:11)
  2 iron golems
  17 deep elf knights
  A titan skeleton (Vaults:5)
  Sonja (Lair:2)
  A salamander mystic (Depths:5)
  A fire crab (Lair:6)
  7 iron trolls
  A death drake (shapeshifter) (Depths:4)
  14 hell knights
  4 unseen horrors
  34 skeletal warriors
  5 shadow wraiths
  A quicksilver dragon simulacrum (Tomb:1)
  4 golden dragon zombies (Crypt:3)
  2 deep trolls (shapeshifter)
  A death drake (Vaults:3)
  9 giant orange brains
  An anaconda zombie (Tomb:1)
  6 flayed ghosts
  48 deep trolls
  14 anubis guards
  2 sea snakes (Vaults:3)
  A giant orange brain (shapeshifter) (Depths:2)
  A lindwurm (shapeshifter) (Depths:4)
  A lindwurm (Orc:2)
  18 ironbrand convokers
  10 phantasmal warriors
  10 swamp dragons
  A wizard (Vaults:3)
  A shambling mangrove (Swamp:3)
  A hill giant (shapeshifter) (D:14)
  A torturous demonspawn (Depths:5)
  The ghost of CypherZel the Spear-Bearer, a novice MiBe of Trog (D:7)
  A golden dragon skeleton (Vaults:5)
  2 tengu zombies
  11 deep elf archers
  A wolf spider zombie (D:15)
  21 orb spiders
  18 hill giants
  12 necromancers
  74 deep elf magi
  5 harpies (Vaults:2)
  61 ugly things
  A shadow dragon zombie (Tomb:1)
  A mana viper (Vaults:3)
  24 orc knights
  7 griffons
  12 hornets
  37 wolf spiders
  2 hornets (shapeshifter)
  15 cyclopes
  A stone giant zombie (Depths:2)
  4 salamanders (Depths:5)
  5 orc sorcerers
  3 frost giant zombies
  21 moths of wrath
  3 elephants (Lair:5)
  A salamander (shapeshifter) (Depths:1)
  2 human skeletons
  Maurice (D:10)
  A moth of wrath (shapeshifter) (Vaults:3)
  4 black mambas
  An octopode (shapeshifter) (Vaults:4)
  A titan simulacrum (Vaults:5)
  A guardian serpent (shapeshifter) (Elf:2)
  An elephant (shapeshifter) (Vaults:5)
  A molten gargoyle (Hell)
  5 naga magi (Vaults:3)
  2 gargoyles
  Joseph (D:7)
  4 orange demons
  2 stone giant skeletons
  10 rust devils
  16 vault sentinels
  2 smoke demons
  5 ice statues
  A torpor snail (Lair:4)
  2 centaur skeletons
  18 spiny frogs
  2 storm dragon simulacra
  2 human zombies
  A spiny frog (shapeshifter) (Vaults:1)
  6 komodo dragons
  A rime drake (Lair:3)
  An efreet (Zot:1)
  An alligator snapping turtle skeleton (Crypt:2)
  14 freezing wraiths
  24 yaktaurs
  12 demonic crawlers
  A harpy zombie (Crypt:3)
  A tormentor (Hell)
  15 guardian mummies
  7 ice devils
  2 red devils (Hell)
  3 queen bees (shapeshifter)
  4 tengu conjurers
  A meliai (shapeshifter) (Vaults:2)
  7 wind drakes (WizLab)
  2 hydra zombies (Hell)
  37 jumping spiders
  11 polar bears
  7 trolls
  A troll (shapeshifter) (Elf:1)
  A two-headed ogre (shapeshifter) (Vaults:4)
  A merfolk (shapeshifter) (Vaults:5)
  5 boulder beetles
  4 ettin zombies
  3 giant leeches
  35 slime creatures
  11 bog bodies
  23 two-headed ogres
  4 raiju
  16 blink frogs
  2 alligator zombies (Hell)
  A stone giant simulacrum (Crypt:1)
  A boulder beetle (shapeshifter) (Depths:4)
  An ice dragon zombie (Tomb:2)
  A meliai zombie (D:14)
  2 ushabtiu (Tomb:1)
  A frost giant simulacrum (Tomb:1)
  5 shadows
  Sigmund (D:3)
  A centaur simulacrum (D:15)
  34 air elementals
  30 flying skulls
  93 redbacks
  9 spriggans
  12 wraiths
  7 water elementals
  35 tarantellas
  22 vampires (Crypt:3)
  A redback (shapeshifter) (Elf:1)
  A spriggan skeleton (Depths:2)
  2 fire bats (Volcano)
  An alligator skeleton (Hell)
  3 wyverns
  42 yaks
  A basilisk (shapeshifter) (Depths:3)
  Grum (D:9)
  16 vampire mosquitoes
  A wyvern (shapeshifter) (Vaults:3)
  3 basilisks
  3 hungry ghosts
  Eustachio (D:6)
  32 fire elementals
  A steam dragon (shapeshifter) (Elf:3)
  Menkaure (D:7)
  A harpy simulacrum (Vaults:3)
  15 swamp worms
  12 hippogriffs
  18 wargs
  A mottled dragon (D:14)
  13 insubstantial wisps (WizLab)
  A swamp worm (shapeshifter) (Depths:2)
  14 water moccasins
  A monstrous demonspawn skeleton (Crypt:3)
  10 porcupines
  2 deep troll zombies
  A soldier ant (shapeshifter) (Depths:1)
  2 soldier ants
  An elf skeleton (Vaults:1)
  2 hydra simulacra
  3 spiny frog skeletons (Hell)
  8 hell hounds
  A giant eyeball (Depths:2)
  9 ice beasts
  An orc zombie (Vaults:1)
  A fire dragon simulacrum (Vaults:3)
  20 swamp drakes
  An eye of draining (D:13)
  A swamp dragon zombie (Crypt:3)
  2 phantoms (D:7)
  A torturous demonspawn skeleton (Crypt:3)
  A wasp (shapeshifter) (Vaults:3)
  An eye of draining (shapeshifter) (Elf:3)
  9 necrophages
  An elf zombie (Vaults:4)
  62 orc warriors
  9 sky beasts
  18 wasps
  14 black bears
  A manticore zombie (Crypt:3)
  5 boggarts (Vaults:2)
  14 centaurs
  43 ogres
  31 wolves
  An elephant skeleton (Crypt:1)
  A big kobold (D:9)
  14 crocodiles
  A draconian zombie (Crypt:1)
  16 giant frogs
  A spiny frog simulacrum (Crypt:1)
  2 water moccasin zombies (D:8)
  A glowing shapeshifter simulacrum (Vaults:4)
  A wyvern zombie (Crypt:2)
  7 earth elementals
  4 wyvern skeletons
  A water moccasin skeleton (D:9)
  4 scorpions
  A spriggan zombie (Crypt:2)
  An elf simulacrum (Vaults:3)
  A human simulacrum (Vaults:1)
  9 killer bees
  A polar bear skeleton (Crypt:2)
  22 wights
  3 electric eels
  5 howler monkeys
  11 crimson imps
  8 centaur zombies
  A giant frog zombie (D:7)
  A lava snake (Lair:2)
  6 jellies
  A gnoll shaman (D:4)
  3 quasits
  35 orc priests
  19 hounds
  26 orc wizards
  4 giant frog skeletons
  2 iron imps (Depths:5)
  2 demonspawn skeletons
  Natasha (D:3)
  14 iguanas
  3 troll simulacra (Vaults:3)
  13 worker ants
  7 hell rats
  17 sheep
  3 ogre zombies
  A sky beast zombie (Crypt:3)
  A demigod zombie (Crypt:1)
  A crocodile skeleton (Crypt:1)
  A dwarf skeleton (Crypt:2)
  5 hound skeletons
  A howler monkey zombie (D:9)
  38 mummies
  Robin (D:3)
  13 adders
  4 gnolls
  2 naga simulacra (Vaults:3)
  63 river rats
  A steam dragon zombie (Crypt:2)
  4 shadow imps
  3 ufetubi (Depths:5)
  An ooze (D:3)
  3 adder zombies (Ossuary)
  A sheep skeleton (Crypt:1)
  2 worms (D:2)
  A dart slug (D:1)
  6 giant geckos
  109 orcs
  A bat skeleton (Crypt:3)
  4 giant cockroaches
  A gnoll zombie (Crypt:2)
  13 goblins
  11 hobgoblins
  A hobgoblin (shapeshifter) (Vaults:5)
  6 jackals (D:10)
  14 kobolds
  2 quokkas
  2 ball pythons
  A ball python zombie (D:6)
  9 bats
  A giant gecko skeleton (Crypt:2)
  6 giant newts
  3 goblin zombies (Ossuary)
  2 hobgoblin zombies (Ossuary)
  A jackal skeleton (D:7)
  9 kobold zombies (Ossuary)
  7 quokka zombies
  14 rats
  2 rat zombies (Ossuary)
  A river rat zombie (Crypt:1)
  5 fungi
  3 plants
3233 creatures vanquished.

Vanquished Creatures (collateral kills)
  A tengu reaver (Vaults:5)
  A very ugly thing (Vaults:5)
  A freezing wraith (Vaults:5)
3 creatures vanquished.

Vanquished Creatures (others)
  A deep elf master archer (Elf:3)
  An ancient champion (Tomb:2)
  A fire giant (Depths:3)
  A stone giant (Vaults:4)
  A yaktaur captain (Vaults:4)
  2 centaur warriors (Depths:1)
  A spriggan berserker (Swamp:4)
  A deep troll (Vaults:3)
  5 deep elf archers
  An orb spider (Spider:4)
  A deep elf mage (Elf:2)
  8 cyclopes
  A centaur zombie (D:12)
  9 yaktaurs
  3 guardian mummies (Tomb:2)
  A polar bear (D:15)
  2 two-headed ogres
  2 flying skulls (Tomb:2)
  A redback (Vaults:3)
  An insubstantial wisp (WizLab)
  An orc warrior (Orc:2)
  3 ogres
  8 centaurs
  An ogre skeleton (Tomb:2)
  2 mummies (Tomb:2)
  A ball lightning (Vaults:3)
  2 orcs
  24 fungi
  21 plants
  4 withered plants (D:15)
111 creatures vanquished.

Grand Total: 3347 creatures vanquished

Notes
Turn   | Place    | Note
-------+----------+-------------------------------------------
     0 | D:1      | mrath the Minotaur Fighter began the quest for the Orb.
     0 | D:1      | Reached XP level 1. HP: 19/19 MP: 0/0
   147 | D:1      | Reached skill level 3 in Maces & Flails
   174 | D:1      | Reached XP level 2. HP: 26/26 MP: 1/1
   709 | D:2      | Reached skill level 4 in Maces & Flails
   888 | D:2      | Reached XP level 3. HP: 27/31 MP: 2/2
  1900 | D:3      | Reached skill level 5 in Maces & Flails
  1902 | D:3      | Reached XP level 4. HP: 39/39 MP: 3/3
  2074 | D:3      | Noticed Robin
  2090 | D:3      | Killed Robin
  2090 | D:3      | Reached skill level 6 in Maces & Flails
  2255 | D:3      | Found a white marble altar of Elyvilon.
  2441 | D:3      | Noticed Sigmund
  2453 | D:3      | Killed Sigmund
  2453 | D:3      | Reached skill level 1 in Dodging
  2453 | D:3      | Reached skill level 1 in Evocations
  2453 | D:3      | Reached XP level 5. HP: 41/46 MP: 4/4
  2453 | D:3      | Reached XP level 6. HP: 47/52 MP: 5/5
  2519 | D:3      | Noticed Natasha
  2521 | D:3      | Killed Natasha
  3130 | D:4      | Found a staircase to the Ecumenical Temple.
  3136 | Temple   | Entered the Ecumenical Temple
  3151 | Temple   | Became a worshipper of Warmaster Okawaru
  3277 | D:5      | Entered Level 5 of the Dungeon
  3368 | D:5      | Reached XP level 7. HP: 60/60 MP: 7/7
  3439 | D:5      | Found a large runed door.
  3439 | D:5      | Found a large runed door.
  3472 | D:5      | Reached skill level 7 in Maces & Flails
  3542 | D:5      | Found a large runed door.
  3542 | D:5      | Found a large runed door.
  3563 | D:5      | Reached skill level 5 in Armour
  3766 | D:5      | Reached * piety under Okawaru
  3766 | D:5      | Reached skill level 5 in Fighting
  3779 | D:5      | Reached skill level 5 in Shields
  3784 | D:5      | Reached XP level 8. HP: 45/68 MP: 7/9
  4355 | D:6      | Found a stormy altar of Qazlal.
  4389 | D:6      | Found a sand-covered staircase.
  4428 | Ossuary  | Entered an ossuary
  4635 | Ossuary  | Reached ** piety under Okawaru
  4775 | Ossuary  | Reached skill level 8 in Maces & Flails
  5137 | D:6      | Noticed Eustachio
  5154 | D:6      | Killed Eustachio
  5637 | D:7      | Reached XP level 9. HP: 41/75 MP: 9/11
  5889 | D:7      | Noticed Menkaure
  5896 | D:7      | Killed Menkaure
  5909 | D:7      | Noticed CypherZel's ghost (novice MiBe)
  5931 | D:7      | Killed CypherZel's ghost
  6166 | D:7      | Reached skill level 5 in Dodging
  6279 | D:7      | Noticed Joseph
  6287 | D:7      | Killed Joseph
  6287 | D:7      | Reached *** piety under Okawaru
  6582 | D:7      | Found a basalt altar of Yredelemnul.
  6583 | D:7      | Found a snail-covered altar of Cheibriados.
  7100 | D:8      | Reached skill level 9 in Maces & Flails
  7422 | D:8      | Reached XP level 10. HP: 86/86 MP: 12/12
  7429 | D:8      | Reached skill level 5 in Evocations
  7673 | D:8      | Reached **** piety under Okawaru
  8310 | D:9      | Found an oddly glowing altar of Pakellas.
  8310 | D:9      | Found Pakellas's Prime Provisions.
  8532 | D:9      | Found a sacrificial altar of Ru.
  8591 | D:9      | Noticed Grum
  8602 | D:9      | Killed Grum
  8813 | D:9      | Reached ***** piety under Okawaru
  9225 | D:9      | Reached skill level 10 in Maces & Flails
  9583 | D:10     | Entered Level 10 of the Dungeon
  9634 | D:10     | Noticed Maurice
  9648 | D:10     | Killed Maurice
  9786 | D:10     | Killed an unseen horror
  9792 | D:10     | Reached XP level 11. HP: 64/95 MP: 14/14
  9809 | D:10     | Reached skill level 1 in Invocations
 10102 | D:10     | Found Quff's Distillery.
 10110 | D:10     | Bought a potion of heal wounds for 55 gold pieces
 10137 | D:10     | Noticed a hill giant
 10141 | D:10     | Noticed a centaur warrior
 10158 | D:10     | Killed a hill giant
 10213 | D:10     | Killed a centaur warrior
 10423 | D:10     | Found a staircase to the Lair.
 10713 | Lair:1   | Entered Level 1 of the Lair of Beasts
 11075 | Lair:1   | Received a gift from Okawaru
 11091 | Lair:1   | Noticed a five-headed hydra
 11112 | Lair:1   | Killed a five-headed hydra
 11546 | Lair:1   | Identified a scroll of acquirement
 12237 | Lair:2   | Reached skill level 11 in Maces & Flails
 12355 | Lair:2   | Received a gift from Okawaru
 12360 | Lair:2   | Reached ****** piety under Okawaru
 12360 | Lair:2   | Reached skill level 10 in Armour
 12968 | Lair:2   | Reached XP level 12. HP: 106/106 MP: 16/16
 12976 | Lair:2   | Noticed Sonja
 13002 | Lair:2   | Killed Sonja
 13006 | Lair:2   | Received a gift from Okawaru
 13012 | Lair:2   | Got a faintly glowing halberd {god gift}
 14260 | Lair:3   | Noticed an eight-headed hydra
 14273 | Lair:3   | Killed an eight-headed hydra
 14792 | Lair:3   | Reached skill level 10 in Fighting
 14792 | Lair:3   | Reached skill level 10 in Shields
 15724 | Lair:4   | Noticed Snorg
 15747 | Lair:4   | Killed Snorg
 15747 | Lair:4   | Received a gift from Okawaru
 15748 | Lair:4   | Got a bloodstained greatsling {god gift}
 15752 | Lair:4   | Identified the +7 greatsling of Responsibility {flame, Dex+3} (Okawaru gifted it to you on level 4 of the Lair of Beasts)
 16040 | Lair:4   | Found a staircase to the Swamp.
 16366 | Lair:4   | Found a hole to the Spider Nest.
 16690 | Lair:5   | Reached skill level 1 in Slings
 16713 | Lair:5   | Reached skill level 5 in Invocations
 16985 | Lair:5   | Found a staircase to the Slime Pits.
 17036 | Lair:5   | Noticed a six-headed hydra
 17048 | Lair:5   | Killed a six-headed hydra
 17157 | Lair:5   | Noticed a six-headed hydra
 17168 | Lair:5   | Killed a six-headed hydra
 17168 | Lair:5   | Received a gift from Okawaru
 17196 | Lair:5   | Reached XP level 13. HP: 105/114 MP: 14/18
 17250 | Lair:5   | Reached skill level 12 in Maces & Flails
 17610 | Lair:6   | Entered Level 6 of the Lair of Beasts
 17683 | Lair:6   | Received a gift from Okawaru
 17684 | Lair:6   | Got a translucent hat {god gift}
 19048 | Lair:6   | Reached skill level 10 in Dodging
 19831 | Lair:2   | Identified the +2 hat of Failure {Str+2 Int-3 Dex+8} (Okawaru gifted it to you on level 6 of the Lair of Beasts)
 19907 | D:11     | Found a staircase to the Orcish Mines.
 20153 | Orc:1    | Entered Level 1 of the Orcish Mines
 20153 | Orc:1    | Found a roughly hewn altar of Beogh.
 20520 | Orc:2    | Entered Level 2 of the Orcish Mines
 20531 | Orc:1    | Noticed an orc warlord
 20531 | Orc:1    | Noticed an orc warlord
 20585 | Orc:2    | Killed an orc warlord
 20585 | Orc:2    | Received a gift from Okawaru
 20753 | Orc:2    | Found a staircase to the Elven Halls.
 21060 | Orc:2    | Found a dark tunnel.
 21102 | Volcano  | Entered a volcano
 21131 | Volcano  | Noticed Aquadorian's ghost (journeyman OpEn)
 21141 | Volcano  | Killed Aquadorian's ghost
 21148 | Volcano  | Received a gift from Okawaru
 21799 | Orc:2    | Reached XP level 14. HP: 124/124 MP: 19/19
 22303 | Orc:1    | Paralysed by an orc sorcerer for 5 turns
 22309 | Orc:1    | Received a gift from Okawaru
 22680 | Orc:2    | Reached skill level 13 in Maces & Flails
 23325 | Orc:2    | Found Anaefeoz's Food Shop.
 23327 | Orc:2    | Found Jiuvvoq's Armour Boutique.
 23327 | Orc:2    | Found Totwessi's Jewellery Shop.
 23328 | Orc:2    | Found Qepsies's General Store.
 23353 | Orc:2    | Bought a scroll of identify for 28 gold pieces
 23353 | Orc:2    | Bought a +0 large shield of cold resistance for 161 gold pieces
 23354 | Orc:2    | Bought the +2 plate armour of Egalitarianism {rN+ MR+ SInv} for 540 gold pieces
 23688 | D:11     | Noticed Urug
 23699 | D:11     | Killed Urug
 23835 | D:11     | Noticed Nergalle
 23843 | D:11     | Killed Nergalle
 23938 | D:11     | Found Boghin's Food Shoppe.
 24265 | D:11     | Found a roughly hewn altar of Beogh.
 24898 | D:12     | Noticed Azrael
 24911 | D:12     | Killed Azrael
 25398 | D:13     | Received a gift from Okawaru
 25562 | D:13     | Found a large runed door.
 25566 | D:13     | Found a large runed door.
 25684 | D:13     | Found a portal to a secret trove of treasure.
 26933 | D:14     | Reached XP level 15. HP: 134/134 MP: 21/21
 26968 | D:14     | Received a gift from Okawaru
 27347 | D:14     | Noticed a tengu reaver
 27387 | D:14     | Killed a tengu reaver
 27387 | D:14     | Reached skill level 10 in Evocations
 27409 | D:14     | Noticed a storm dragon
 27441 | D:14     | Killed a storm dragon
 27817 | D:14     | Reached skill level 14 in Maces & Flails
 28159 | D:14     | Found a gate to the Vaults.
 28349 | Lair:2   | Upgraded the game from 0.19-a0-1008-g4c63d25 to 0.19-a0-1013-g40768a3
 28536 | D:15     | Entered Level 15 of the Dungeon
 28604 | D:15     | Found a frozen archway.
 28622 | D:15     | Received a gift from Okawaru
 28849 | IceCv    | Entered an ice cave
 29107 | D:15     | Found a staircase to the Depths.
 29411 | D:15     | Found an opulent altar of Gozag.
 29788 | D:13     | Found an ancient bone altar of Kikubaaqudgha.
 29788 | D:13     | Noticed a frost giant
 29794 | D:13     | Killed a frost giant
 29799 | D:13     | Found a snail-covered altar of Cheibriados.
 29984 | Swamp:1  | Entered Level 1 of the Swamp
 30194 | Swamp:1  | Reached XP level 16. HP: 144/144 MP: 20/22
 30199 | Swamp:1  | Found Kazxiel's Island Escapes.
 30335 | Swamp:1  | Noticed Josephine
 30345 | Swamp:1  | Killed Josephine
 31251 | Swamp:1  | Bought an uncursed ring of flight for 227 gold pieces
 31302 | Swamp:2  | Received a gift from Okawaru
 31909 | Swamp:2  | You fall through a shaft!
 32134 | Swamp:3  | Found an ancient bone altar of Kikubaaqudgha.
 32542 | Swamp:3  | Noticed Bai Suzhen
 32565 | Swamp:3  | Killed Bai Suzhen
 32565 | Swamp:3  | Received a gift from Okawaru
 32933 | Orc:1    | Reached skill level 15 in Maces & Flails
 33153 | Orc:1    | Got a warped plate armour {god gift}
 33336 | Orc:1    | Identified the +1 plate armour of Exclusion {+Fly Regen+ rCorr Slay-3} (Okawaru gifted it to you on level 1 of the Orcish Mines)
 33916 | Swamp:4  | Entered Level 4 of the Swamp
 34074 | Swamp:4  | Got a crude bone ring
 34086 | Swamp:4  | Identified the ring "Uthreg" {rC++ Str+2} (You found it on level 4 of the Swamp)
 35176 | Elf:1    | Entered Level 1 of the Elven Halls
 35273 | Elf:1    | Received a gift from Okawaru
 35333 | Elf:1    | Reached skill level 1 in Throwing
 35590 | Elf:1    | Noticed removeelyvilon's ghost (adept DrTm)
 35610 | Elf:1    | Killed removeelyvilon's ghost
 35610 | Elf:1    | Reached XP level 17. HP: 150/154 MP: 24/24
 35618 | Elf:1    | Found Nuheroet's Weapon Shoppe.
 35618 | Elf:1    | Found Sadyteish's Book Emporium.
 35619 | Elf:1    | Found Loseq's Magic Scroll Shoppe.
 35621 | Elf:1    | Found Isoepp's Antique Armour Emporium.
 36531 | Elf:1    | Got a jewelled quarterstaff
 36664 | Elf:1    | Reached skill level 15 in Armour
 36997 | Elf:2    | Found a magical portal.
 37047 | Elf:2    | Found a flickering gateway to a bazaar.
 37071 | Bazaar   | Entered a bazaar
 37072 | Bazaar   | Found Sulese's Armour Shop.
 37072 | Bazaar   | Found Qoyc's Antique Armour Boutique.
 37073 | Bazaar   | Found Bikocvim's Food Emporium.
 37082 | Bazaar   | Found Omakik's Book Emporium.
 37124 | Bazaar   | Bought a faintly humming chain mail for 256 gold pieces
 37124 | Bazaar   | Bought a glowing hat for 108 gold pieces
 37144 | Bazaar   | Identified the cursed +1 chain mail of Cheibriados's Reproof {-Cast rElec MR++ Regen+} (You bought it in a shop in a bazaar)
 37265 | WizLab   | Entered The Chambers of the Cloud Mage
 37999 | WizLab   | Noticed Ompetod
 38026 | WizLab   | Killed Ompetod the Cloud Mage
 38121 | WizLab   | Identified the Compendium of Flight
 38123 | WizLab   | Identified Lennyaju's Grimoire of Air
 39112 | Elf:2    | Reached skill level 15 in Fighting
 39363 | Elf:2    | Reached skill level 15 in Shields
 39382 | Elf:2    | Found a runed gate.
 39382 | Elf:2    | Found a runed gate.
 39382 | Elf:2    | Found a runed gate.
 39798 | Elf:2    | Received a gift from Okawaru
 39799 | Elf:2    | Reached skill level 16 in Maces & Flails
 39963 | Elf:3    | Entered Level 3 of the Elven Halls
 39987 | Elf:3    | Reached XP level 18. HP: 162/163 MP: 26/26
 40033 | Elf:3    | Received a gift from Okawaru
 41049 | Elf:1    | Bought a scroll of identify for 36 gold pieces
 41049 | Elf:1    | Bought a scroll of identify for 36 gold pieces
 41055 | Elf:1    | Bought an ichor-stained chain mail for 342 gold pieces
 41055 | Elf:1    | Bought a shiny plate armour for 828 gold pieces
 41055 | Elf:1    | Identified the +12 chain mail of the Vestibule of Hell {rCorr Int+3} (You bought it in a shop on level 1 of the Elven Halls)
 41289 | Lair:2   | Upgraded the game from 0.19-a0-1013-g40768a3 to 0.19-a0-1019-g9c6a58d
 41363 | D:10     | Bought a potion of curing for 33 gold pieces
 41363 | D:10     | Bought a potion of heal wounds for 55 gold pieces
 42111 | Elf:1    | Bought a glowing scale mail for 144 gold pieces
 42865 | Lair:2   | Identified the +7 quarterstaff of Duty {drain, +Blink rC- Str+8} (You found it on level 1 of the Elven Halls)
 42996 | Spider:1 | Entered Level 1 of the Spider Nest
 43049 | Spider:1 | Noticed nubinia's ghost (journeyman DEAE)
 43072 | Spider:1 | Killed nubinia's ghost
 43075 | Spider:1 | Noticed shady's ghost (journeyman DDHu)
 43113 | Spider:1 | Killed shady's ghost
 43328 | Spider:1 | Reached skill level 5 in Throwing
 43728 | Spider:1 | Noticed Louise
 43740 | Spider:1 | Killed Louise
 44384 | Spider:2 | Received a gift from Okawaru
 44470 | Spider:2 | Reached skill level 5 in Slings
 45586 | Spider:3 | Received a gift from Okawaru
 45590 | Spider:3 | Got an iridescent hunting sling {god gift}
 45597 | Spider:3 | Identified the +7 hunting sling of Undoing {flame, rC+ rN+ MR+ Stlth-} (Okawaru gifted it to you on level 3 of the Spider Nest)
 45641 | Spider:3 | Noticed Arachne
 45864 | Spider:3 | Killed Arachne
 46678 | Swamp:4  | Reached XP level 19. HP: 169/172 MP: 27/27
 46894 | Swamp:4  | Got a decaying rune of Zot
 47307 | Spider:4 | Entered Level 4 of the Spider Nest
 47774 | Spider:4 | Got a shimmering morningstar
 47775 | Spider:4 | Identified the cursed +3 morningstar of Aleug {antimagic, rElec rN++ Str-5} (You found it on level 4 of the Spider Nest)
 47895 | Spider:4 | Received a gift from Okawaru
 48085 | Spider:4 | Reached skill level 17 in Maces & Flails
 49059 | Spider:4 | Got a gossamer rune of Zot
 49470 | Vaults:1 | Entered Level 1 of the Vaults
 50279 | Vaults:1 | Reached skill level 15 in Dodging
 50345 | Vaults:1 | Received a gift from Okawaru
 50529 | Vaults:1 | Found a shimmering altar of Xom.
 50574 | Vaults:1 | Received a gift from Okawaru
 50750 | Vaults:1 | Received a gift from Okawaru
 50750 | Vaults:1 | Reached XP level 20. HP: 182/182 MP: 29/29
 51362 | Vaults:2 | Noticed Frederick
 51383 | Vaults:2 | Killed Frederick
 52271 | Vaults:2 | Received a gift from Okawaru
 53820 | Vaults:3 | Received a gift from Okawaru
 54127 | Vaults:3 | Found a staircase to the Crypt.
 54192 | Vaults:3 | Found Paguceusai's Armour Shoppe.
 54430 | Vaults:3 | Identified Paeptus Ehee's Catalogue of the Glacier (You found it on level 3 of the Vaults)
 56160 | Vaults:3 | Reached skill level 18 in Maces & Flails
 56220 | Vaults:3 | Identified the Volume of Toxins
 56665 | Vaults:4 | Reached XP level 21. HP: 169/191 MP: 30/30
 56871 | Vaults:4 | Received a gift from Okawaru
 57531 | Lair:2   | Gained mutation: You have sharp toenails. [potion of beneficial mutation]
 57532 | Lair:2   | Gained mutation: You can translocate small distances at will. [potion of beneficial mutation]
 57799 | Vaults:2 | Received a gift from Okawaru
 57800 | Vaults:2 | Got a pair of scorched gloves {god gift}
 57811 | Vaults:2 | Identified the -1 pair of gloves "Leplung" {*Contam rC+ Str+8 SInv} (Okawaru gifted it to you on level 2 of the Vaults)
 58975 | Depths:1 | Entered Level 1 of the Depths
 59261 | Depths:1 | Identified a +2 rod of clouds (12/12) (You found it on level 1 of the Depths)
 59422 | Depths:1 | Noticed Mara
 59433 | Depths:1 | Noticed mrath's illusion
 59442 | Depths:1 | Killed Mara
 60164 | Depths:1 | Noticed Saint Roka
 60183 | Depths:1 | Killed Saint Roka
 60531 | Depths:1 | Found a gateway to Hell.
 60607 | Depths:1 | Reached skill level 10 in Throwing
 60681 | Depths:1 | Received a gift from Okawaru
 61614 | Depths:2 | Received a gift from Okawaru
 61852 | Depths:2 | Reached XP level 22. HP: 181/201 MP: 23/32
 62364 | Depths:2 | Got a bound marble ring
 62365 | Depths:2 | Identified the ring "Gomon" {Ice Str+7 Dex-3} (You took it off a deep elf sorcerer on level 2 of the Depths)
 62463 | Depths:2 | Received a gift from Okawaru
 64005 | Depths:3 | Reached skill level 15 in Evocations
 64210 | Depths:3 | Received a gift from Okawaru
 64252 | Depths:3 | Found a one-way gate leading to the halls of Pandemonium.
 64497 | Depths:3 | Received a gift from Okawaru
 64631 | Depths:3 | Reached skill level 19 in Maces & Flails
 64671 | Depths:3 | Found Pyffarec's Food Shoppe.
 64884 | Depths:3 | Found a runed door.
 65335 | Depths:3 | Received a gift from Okawaru
 65543 | Depths:3 | Received a gift from Okawaru
 65722 | Depths:3 | Reached XP level 23. HP: 211/211 MP: 33/33
 67511 | Depths:4 | Found a corrupted altar of Lugonu.
 67514 | Depths:4 | Found a one-way gate to the infinite horrors of the Abyss.
 68108 | Depths:4 | Received a gift from Okawaru
 68886 | Depths:4 | Received a gift from Okawaru
 69088 | Depths:4 | Noticed a juggernaut
 69104 | Depths:4 | Killed a juggernaut
 69190 | Depths:4 | Gained mutation: You evolve. [potion of beneficial mutation]
 69509 | D:13     | Gained mutation: Your body sometimes deteriorates upon taking damage. [evolution]
 69509 | D:13     | Lost mutation: You evolve. [end of evolution]
 69589 | Lair:2   | Lost mutation: You can translocate small distances at will. [potion of cure mutation]
 69589 | Lair:2   | Lost mutation: You have sharp toenails. [potion of cure mutation]
 69589 | Lair:2   | Lost mutation: Your body sometimes deteriorates upon taking damage. [potion of cure mutation]
 70004 | Elf:3    | Reached XP level 24. HP: 105/221 MP: 33/33
 70017 | Elf:3    | Received a gift from Okawaru
 70349 | Elf:3    | Got an ancient amethyst amulet
 70367 | Elf:3    | Received a gift from Okawaru
 70653 | Elf:3    | Got a crude crystal amulet
 70655 | Elf:3    | Identified the Papyrus of the Entourage and Ice
 70661 | Elf:3    | Got a transparent scale mail
 70721 | Elf:3    | Got a faintly humming ring mail
 70746 | Elf:3    | Identified the amulet of Huyrop {Faith +Fly rElec rF++ Int-2} (You took it off a deep elf death mage on level 3 of the Elven Halls)
 70747 | Elf:3    | Identified the amulet of Midnight {Faith *Contam MR+ Dex+8} (You found it on level 3 of the Elven Halls)
 71288 | Elf:3    | Got an ichor-stained shortbow
 71315 | Elf:3    | Got a smoking shortbow
 71627 | Lair:2   | Identified the +4 scale mail "Ludy" {Str+4 Dex+6 Slay+2} (You found it on level 3 of the Elven Halls)
 72024 | Vaults:5 | Entered Level 5 of the Vaults
 72210 | Vaults:4 | Received a gift from Okawaru
 72334 | Vaults:4 | Reached skill level 20 in Maces & Flails
 73330 | Vaults:5 | Received a gift from Okawaru
 73515 | Vaults:5 | Received a gift from Okawaru
 73831 | Vaults:5 | Noticed Boris
 73842 | Vaults:5 | Killed Boris
 73842 | Vaults:5 | Received a gift from Okawaru
 73955 | Vaults:5 | Received a gift from Okawaru
 74116 | Vaults:5 | Found Plog's Gadget Shoppe.
 74228 | Vaults:5 | Reached XP level 25. HP: 231/231 MP: 34/34
 75801 | Vaults:4 | Received a gift from Okawaru
 76156 | Vaults:5 | Received a gift from Okawaru
 76363 | Vaults:5 | Received a gift from Okawaru
 76491 | Vaults:5 | Got a scorched morningstar {god gift}
 76617 | Vaults:5 | Got a silver rune of Zot
 76620 | Vaults:5 | Identified Sif Muna's Collected Works on Floating Execration
 76697 | Vaults:5 | Identified the Reference Book on Moulding and Lightness
 76998 | Vaults:5 | Identified the +7 morningstar of Perfectionism {venom, rC+ Str+3 Int-3 Dex+4} (Okawaru gifted it to you on level 5 of the Vaults)
 77737 | Depths:5 | Entered Level 5 of the Depths
 77737 | Depths:5 | Found a gateway to a ziggurat.
 77747 | Depths:5 | Received a gift from Okawaru
 77809 | Depths:5 | Received a gift from Okawaru
 77862 | Depths:5 | Noticed Jorgrun
 77873 | Depths:5 | Killed Jorgrun
 78003 | Depths:5 | Noticed Jory
 78027 | Depths:5 | Received a gift from Okawaru
 78151 | Depths:5 | Received a gift from Okawaru
 78218 | Depths:5 | Killed Jory
 78599 | Depths:5 | Received a gift from Okawaru
 78813 | Depths:5 | Reached skill level 21 in Maces & Flails
 78910 | Depths:5 | Found a gate to the Realm of Zot.
 78963 | Depths:5 | Reached XP level 26. HP: 227/242 MP: 30/34
 79375 | Elf:1    | Bought a manual of Maces & Flails for 1656 gold pieces
 79657 | Hell     | Entered the Vestibule of Hell
 79657 | Hell     | Noticed Murray
 79657 | Hell     | Noticed Geryon
 79678 | Hell     | Killed Geryon
 79697 | Depths:1 | Killed Murray
 79697 | Depths:1 | Received a gift from Okawaru
 79874 | Depths:1 | Received a gift from Okawaru
 80252 | Depths:1 | Received a gift from Okawaru
 81016 | Hell     | Found a gateway to the ashen valley of Gehenna.
 81087 | Hell     | Found a gateway to the decaying netherworld of Tartarus.
 81219 | Hell     | Found a gateway to the freezing wastes of Cocytus.
 81272 | Hell     | Found a gateway to the Iron City of Dis.
 81840 | Zot:1    | Entered Level 1 of the Realm of Zot
 81895 | Zot:1    | Received a gift from Okawaru
 82075 | Zot:1    | Received a gift from Okawaru
 82293 | Zot:1    | Received a gift from Okawaru
 82305 | Zot:1    | Got a pair of faintly glowing gloves {god gift}
 82340 | Zot:1    | Identified the +0 pair of gloves of Vofes {Regen+} (Okawaru gifted it to you on level 1 of the Realm of Zot)
 82569 | Zot:1    | Got a translucent leather armour
 82639 | Zot:1    | Reached skill level 22 in Maces & Flails
 82639 | Zot:1    | Reached skill level 15 in Throwing
 82901 | Zot:1    | Noticed an orb of fire
 82913 | Zot:1    | Killed an orb of fire
 83178 | Zot:1    | Reached XP level 27. HP: 217/251 MP: 34/34
 83365 | Zot:1    | Received a gift from Okawaru
 83721 | Zot:2    | Received a gift from Okawaru
 84064 | Zot:2    | Reached skill level 23 in Maces & Flails
 84067 | Zot:2    | Received a gift from Okawaru
 85119 | Zot:2    | Received a gift from Okawaru
 85835 | Zot:3    | Noticed an orb of fire
 85875 | Zot:3    | Gained mutation: Your system is resistant to poisons. (rPois) [an orb of fire]
 85882 | Zot:3    | Killed an orb of fire
 85885 | Zot:3    | Received a gift from Okawaru
 86515 | Zot:4    | Received a gift from Okawaru
 86851 | Zot:4    | Received a gift from Okawaru
 87844 | Zot:4    | Reached skill level 24 in Maces & Flails
 87963 | Zot:5    | Entered Level 5 of the Realm of Zot
 88089 | Zot:5    | Noticed an ancient lich
 88097 | Zot:5    | Killed an ancient lich
 88097 | Zot:5    | Received a gift from Okawaru
 88219 | Zot:4    | Received a gift from Okawaru
 88606 | Zot:5    | Received a gift from Okawaru
 88702 | Zot:5    | Received a gift from Okawaru
 89414 | Crypt:1  | Entered Level 1 of the Crypt
 89717 | Crypt:1  | Received a gift from Okawaru
 90708 | Crypt:2  | Noticed Donald
 90718 | Crypt:2  | Killed Donald
 91449 | Crypt:3  | Entered Level 3 of the Crypt
 91509 | Crypt:3  | Received a gift from Okawaru
 91882 | Crypt:3  | Received a gift from Okawaru
 91891 | Crypt:3  | Got a crude shield {god gift}
 91911 | Crypt:3  | Identified the +1 shield of Okawaru's Esteem {+Blink +Fly} (Okawaru gifted it to you on level 3 of the Crypt)
 92046 | Crypt:3  | Noticed an ancient lich
 92067 | Crypt:3  | Killed an ancient lich
 93014 | Crypt:3  | Found a staircase to the Tomb.
 93533 | Crypt:3  | Got a jewelled trident
 93535 | Crypt:3  | Identified Voemed's Catalogue of Creation and Ignition
 93552 | Crypt:3  | Got a transparent scale mail
 93556 | Crypt:3  | Identified the cursed +2 trident of Trial by Ordeal {vamp, +Inv rC+} (You found it on level 3 of the Crypt)
 93557 | Crypt:3  | Identified the +1 scale mail "Lefaomaj" {Dex+6} (You found it on level 3 of the Crypt)
 94197 | Tomb:1   | Entered Level 1 of the Tomb of the Ancients
 94646 | Tomb:1   | Noticed a greater mummy
 94684 | Tomb:1   | Killed a greater mummy
 95135 | Tomb:1   | Noticed a greater mummy
 95147 | Tomb:1   | Killed a greater mummy
 95147 | Tomb:1   | Received a gift from Okawaru
 95394 | Tomb:1   | Noticed a greater mummy
 95409 | Tomb:1   | Killed a greater mummy
 95913 | Tomb:1   | Received a gift from Okawaru
 96227 | Tomb:2   | Noticed a greater mummy
 96227 | Tomb:2   | Noticed Mennas
 96232 | Tomb:2   | Noticed a greater mummy
 96403 | Tomb:2   | Noticed a greater mummy
 96703 | Tomb:2   | Noticed a greater mummy
 96727 | Tomb:1   | Killed Mennas
 96934 | Tomb:1   | Killed a greater mummy
 96934 | Tomb:1   | Received a gift from Okawaru
 96939 | Tomb:1   | Killed a greater mummy
 96944 | Tomb:1   | Killed a greater mummy
 97322 | Tomb:1   | Killed a greater mummy
 97485 | Tomb:2   | Received a gift from Okawaru
 97499 | Tomb:2   | Reached skill level 25 in Maces & Flails
 97877 | Tomb:1   | Noticed a greater mummy
 97882 | Tomb:1   | Noticed a greater mummy
 97891 | Tomb:2   | Killed a greater mummy
 98193 | Tomb:1   | Noticed a greater mummy
 98194 | Tomb:1   | Killed a greater mummy
 98195 | Tomb:1   | Noticed a greater mummy
 99525 | Swamp:1  | Bought a scroll of blinking for 97 gold pieces
 99525 | Swamp:1  | Bought a scroll of blinking for 97 gold pieces
 99662 | D:10     | Bought a potion of agility for 44 gold pieces
 99662 | D:10     | Bought a potion of haste for 110 gold pieces
 99662 | D:10     | Bought a potion of agility for 44 gold pieces
 99662 | D:10     | Bought a potion of resistance for 110 gold pieces
 99662 | D:10     | Bought a potion of might for 44 gold pieces
100043 | Zot:4    | Received a gift from Okawaru
100192 | Zot:5    | Noticed an orb of fire
100194 | Zot:5    | Received a gift from Okawaru
100208 | Zot:5    | Killed an orb of fire
100325 | Zot:5    | Noticed an orb of fire
100354 | Zot:5    | Gained mutation: You are clumsy. (Dex -2) [an orb of fire]
100382 | Zot:5    | Killed an orb of fire
100385 | Zot:5    | Noticed an orb of fire
100398 | Zot:5    | Gained mutation: Your magical capacity is low. (-10% MP) [an orb of fire]
100402 | Zot:5    | Killed an orb of fire
100406 | Zot:5    | Noticed an ancient lich
100408 | Zot:5    | Gained mutation: Potions and wands are less effective at restoring your health. [an orb of fire]
100409 | Zot:5    | Noticed an orb of fire
100421 | Zot:5    | Killed an ancient lich
100429 | Zot:5    | Gained mutation: You are very clumsy. (Dex -4) [an orb of fire]
100436 | Zot:5    | Killed an orb of fire
100713 | Zot:4    | Lost mutation: Potions and wands are less effective at restoring your health. [potion of cure mutation]
100713 | Zot:4    | Lost mutation: Your magical capacity is low. (-10% MP) [potion of cure mutation]
100713 | Zot:4    | Lost mutation: Your system is resistant to poisons. (rPois) [potion of cure mutation]
100713 | Zot:4    | Lost mutation: You are very clumsy. (Dex -4) [potion of cure mutation]
101009 | Zot:5    | Noticed an orb of fire
101068 | Zot:5    | Gained mutation: Your body sometimes deteriorates upon taking damage. [an orb of fire]
101080 | Zot:5    | Killed an orb of fire
101221 | Zot:5    | Noticed an orb of fire
101235 | Zot:5    | Gained mutation: You are weak. (Str -2) [an orb of fire]
101237 | Zot:5    | Killed an orb of fire
101250 | Zot:5    | Received a gift from Okawaru
101285 | Zot:5    | HP: 12/258 [poisoned by a death drake (dark miasma)]
101288 | Zot:5    | HP: 5/261 [poisoned by a death drake (dark miasma)]
101289 | Zot:5    | Succumbed to a golden dragon's poison gas

Vault maps used:
D:1:      dpeg_arrival_snail
D:3:      elyvilon_altar_3, uniq_sigmund, uniq_natasha, uniq_robin
D:4:      first_bread, minmay_lizard_king
D:5:      minmay_hollow_rounded_squares
D:6:      basic_altar, nicolae_ossuary_entry_ruins, uniq_eustachio
D:7:      gammafunk_temple_overflow_pools, uniq_menkaure, uniq_joseph
D:9:      basic_altar, the_bakery, johnstein_pakellas_shop, uniq_grum
D:10:     grunt_lair_entry_orc_guard_hut, serial_shops, nicolae_shop_waterfront,
          uniq_maurice
D:11:     minmay_orc_entry_temple_small, serial_shops, shop, uniq_urug,
          uniq_nergalle
D:12:     uniq_azrael
D:13:     trove_entry_hex_spiral, jmf_multi_god_temple2
D:14:     minmay_guarded_unrand_sword_of_power, david_vaults_5,
          kennysheep_boxes, kennysheep_generic_room_16
D:15:     gammafunk_depths_entry_grave,
          nicolae_gozag_cash_rules_everything_around_me,
          portal_ice_cave_entry_animals_and_master
Temple:   regret_index_temple_chain_breaker
Lair:1:   grunt_megastairs_4
Lair:2:   uniq_sonja
Lair:4:   swamp_mist, dummy_spider_entry, serial_bayou_shore_a, uniq_snorg
Lair:5:   slime_dummy, grunt_megastairs_1
Lair:6:   hangedman_lair_caniforms_friends
Swamp:1:  evilmike_swamp_ruin_house_3, swamp_pool3, nicolae_island_escapes,
          uniq_josephine
Swamp:2:  infiniplex_staircase_pool_2
Swamp:3:  basic_altar, uniq_bai_suzhen
Swamp:4:  swamp_basic_johnstein, swamp_pool3, statue_in_the_mist_lemuel,
          ldierk_geyser, hangedman_swamp_blocks, nicolae_swamp_hydra_murder_den
Spider:1: uniq_louise
Spider:3: uniq_arachne
Spider:4: spider_rune_water
Orc:1:    basic_altar
Orc:2:    st_orc_pillars, nicolae_volcano_entry_vermiform, lightli_orcish_oven
Elf:1:    eino_elf_arrival_sip, evilmike_minifort, grunt_megastairs_3,
          minmay_shoptagon
Elf:2:    serial_shops, bzr_entry_islet, infiniplex_enter_wizlab_water
Elf:3:    elf_hall, nicolae_elf_stone_circles
Vaults:1: nicolae_vaults_little_squares_6, v_misc_5,
          nicolae_vaults_back_hallway, nicolae_vaults_little_squares_5,
          v_misc_33, nicolae_vaults_angled_halls, vaults_mumra_bighexcomb,
          hangedman_vaults_pinch, ontoclasm_vaults_ring_square,
          hangedman_vaults_snaps, nicolae_vaults_diagonal_hallway_7, v_misc_26,
          nicolae_vaults_little_squares_3, vaults_mumra_hex,
          hangedman_vaults_stretched_pinwheel, basic_altar
Vaults:2: vaults_room_ringed_pool, nicolae_vaults_border_crossing, v_misc_22,
          vaults_room_grid, vaults_room_grid, grunt_vaults_diagonal,
          nicolae_vaults_sealed_display, nicolae_vaults_specimen_jars,
          hangedman_vaults_slice, uniq_frederick
Vaults:3: nicolae_vaults_angled_halls, v_misc_9, vaults_standard_mumra_x,
          minmay_crypt_entry_simple_sparse, nicolae_vaults_ninety_degrees,
          grunt_vaults_hallway_short, nicolae_vaults_little_squares_4,
          nicolae_vaults_windows_and_doors_thing, ontoclasm_vaults_ring_large,
          vaults_dpeg_ring, v_misc_14, vaults_room_hallway, serial_shops, shop,
          serial_hangedman_research, hangedman_research_toxicology,
          hangedman_research_thermodynamics, hangedman_research_electronics
Vaults:4: hangedman_vaults_variations, v_misc_11, v_misc_4, st_spiral_rooms,
          ontoclasm_vaults_twist, hangedman_vaults_locks,
          vaults_room_stairs_pillars, v_misc_4, v_misc_27,
          grunt_vaults_hallway_short, v_alt_pattern_1
Vaults:5: uniq_boris
Crypt:1:  minivault_25, roderic_lattice_octagonal_star
Crypt:2:  uniq_donald
Crypt:3:  due_elkab, st_stairs_1
Tomb:2:   uniq_mennas
Depths:1: hangedman_abyss_or_decor_lesser_grid, pf_coc_iceberg, corner_web_ring,
          nooodl_orcs_dogs, uniq_saint_roka, uniq_mara
Depths:2: hangedman_arch_fort, minmay_staircase_windowed_small, hell_entry
Depths:3: lemuel_castle_with_subvaults, serial_shops, shop,
          rand_demon_pan_entry_9, serial_sigils, serial_sigils_hangedman_writhe,
          serial_sigils_hangedman_quiver, serial_sigils_hangedman_scratch,
          hell_entry, minmay_hidden_floor
Depths:4: minmay_three_patterns, abyss_entry_flame_altar, special_room,
          hangedman_geh_valley, minmay_staircase_windowed_large
Depths:5: grunt_zot_entry_tricorne, enter_ziggurat_e, moated_statue,
          abyss_entry_small_statue_room, grunt_pan_entry_zigzag, hell_entry,
          uniq_jory, uniq_jorgrun
Zot:1:    lemuel_firehouse, hangedman_zot_spectrum
Zot:2:    grunt_zot_stairs_faceoff
Zot:4:    nicolae_moth_party, grunt_megastairs_2
Bazaar:   bazaar_minmay_plants
Ossuary:  ossuary_boxes_badplayer
IceCv:    ice_cave_statue_garden_teleport
Volcano:  volcano_village
WizLab:   wizlab_cloud

Skill      XL: |  1  2  3  4  5  6  7  8  9 10 11 12 13 14 15 16 17 18 19 20 21 22 23 24 25 26 27 |
---------------+----------------------------------------------------------------------------------+-----
Maces & Flails | 3 4 5 6 7 8 9 10 11 12 13 14 15 16 17 18 19 20 21 22 25 | 25.4
Fighting       | 4 5 6 7 8 9 10 11 12 13 14 15 16 17 18 19 20 21 24 | 24.2
Armour         | 4 5 6 7 8 10 11 12 13 14 15 16 17 18 19 20 21 24 | 24.2
Dodging        | 1 2 3 4 5 7 8 9 10 11 12 13 14 15 16 17 18 19 20 22 | 22.4
Shields        | 4 5 6 7 8 9 10 11 12 13 14 15 16 17 18 19 20 21 23 | 23.9
Evocations     | 1 2 4 6 7 8 9 10 11 12 13 14 15 16 17 19 | 19.7
Invocations    | 3 5 6 7 |  7.8
Slings         | 2 4 5 6 7 |  7.6
Throwing       | 1 4 6 7 8 10 11 12 13 14 15 16 | 16.9

Action                   |  1- 3 |  4- 6 |  7- 9 | 10-12 | 13-15 | 16-18 | 19-21 | 22-24 | 25-27 || total
-------------------------+-------+-------+-------+-------+-------+-------+-------+-------+-------++-------
Melee: Flail             |    58 |       |    30 |       |       |       |       |       |       ||    88
       Headbutt          |    18 |    18 |   102 |   272 |   565 |   612 |   744 |   632 |  1014 ||  3977
       Whip              |    58 |   135 |   370 |  1000 |       |       |       |       |       ||  1563
       Eveningstar       |       |       |       |   147 |  1521 |  1740 |  1745 |  1628 |   874 ||  7655
       Morningstar       |       |       |       |       |   121 |       |   172 |       |  2143 ||  2436
       Demon whip        |       |       |       |       |       |    26 |       |       |       ||    26
 Fire: Greatsling        |       |       |       |     5 |       |       |       |       |       ||     5
Throw: Stone             |       |     2 |       |       |       |       |       |       |       ||     2
       Javelin           |       |       |       |     2 |    18 |    43 |    68 |    87 |   274 ||   492
       Tomahawk          |       |       |       |       |       |       |       |       |     3 ||     3
Invok: Heroism           |       |       |     4 |    15 |    34 |    33 |    34 |    37 |    72 ||   229
       Finesse           |       |       |       |     6 |    17 |    14 |    19 |    17 |    38 ||   111
 Abil: Evoke Flight      |       |       |       |       |       |     5 |       |       |       ||     5
       Evoke Berserk Rag |       |       |       |       |       |       |       |       |     1 ||     1
Evoke: Wand              |       |       |       |       |       |     1 |     2 |     2 |     6 ||    11
       Lamp of fire      |       |       |       |       |       |     1 |       |       |     1 ||     2
       Sack of spiders   |       |       |       |       |       |       |       |       |     3 ||     3
       Phial of floods   |       |       |       |       |       |       |       |       |     1 ||     1
  Use: Scroll            |       |     2 |     5 |    21 |     7 |    20 |     8 |    10 |    31 ||   104
       Potion            |       |       |       |     2 |     1 |    11 |     7 |     4 |    14 ||    39
 Stab: Sleeping          |       |       |       |       |       |     2 |       |       |       ||     2
       Distracted        |       |       |       |       |       |     1 |     1 |       |     2 ||     4
  Eat: Chunk             |     3 |     5 |    11 |    28 |    39 |    35 |    36 |    33 |    31 ||   221
       Fruit             |       |       |     1 |     1 |     2 |     4 |     3 |       |    10 ||    21
       Beef jerky        |       |       |     1 |       |     2 |     1 |       |     1 |     2 ||     7
       Royal jelly       |       |       |       |     1 |       |     3 |     3 |     2 |     1 ||    10
       Bread ration      |       |       |       |       |       |     1 |       |       |     6 ||     7
       Meat ration       |       |       |       |       |       |     1 |     1 |       |     4 ||     6
       Pizza             |       |       |       |       |       |       |       |     1 |     1 ||     2
Armor: Scale mail        |    38 |    31 |    49 |    27 |     1 |       |       |       |       ||   146
       Plate armour      |       |       |       |   274 |   372 |   317 |   252 |   262 |   236 ||  1713
       Skin              |       |       |       |       |     1 |       |       |       |       ||     1
       Leather armour    |       |       |       |       |       |    75 |    19 |       |       ||    94
       Chain mail        |       |       |       |       |       |       |       |       |   331 ||   331
Dodge: Dodged            |    34 |    30 |    70 |   264 |   319 |   711 |   612 |   606 |  1204 ||  3850
Block: Shield            |    51 |    50 |   217 |   363 |       |       |       |       |       ||   681
       Reflection        |       |       |     9 |    19 |    43 |    99 |   113 |    86 |       ||   369
       Large shield      |       |       |       |   590 |  1668 |  2102 |  2050 |  1798 |  3185 || 11393
